 Dungeon Crawl Stone Soup version 0.22.1-6-g1668fe2c40 (webtiles) character file.

67879 Honti the Severer (level 14, 0/195 HPs)
             Began as a Deep Dwarf Fighter on Jan 23, 2019.
             Was the Champion of Makhleb.
             Succumbed to Saint Roka's poison
             ... on level 2 of the Orcish Mines.
             The game lasted 01:05:37 (18879 turns).

Honti the Severer (Deep Dwarf Fighter)             Turns: 18879, Time: 01:05:38

Health: 0/195      AC: 26    Str: 29    XL:     14   Next: 84%
Magic:  0/0        EV:  5    Int:  9    God:    Makhleb [******]
Gold:   1084       SH: 13    Dex: 11    Spells: 13/13 levels left

rFire    + . .     SeeInvis .   R - +3 war axe
rCold    + . .     Gourm    .   c - +0 shield
rNeg     + . .     Faith    .   D - +1 crystal plate armour
rPois    .         Spirit   .   s - +0 helmet
rElec    .         Reflect  .   H - +0 cloak
rCorr    .         Harm     .   (no gloves)
MR       ++++.                  B - +0 pair of boots
Stlth    ..........             w - amulet of rage
HPRegen  0.00/turn              u - ring of protection from magic
MPRegen  0.07/turn              k - ring of Obsession {rF+ rC+ MR+ Dex-2}

@: berserking (expiring), lethally poisoned (0 -> -3), non-regenerating, very
quick
A: damage resistance, heal wounds, negative energy resistance 1, sense
surroundings 2, no regeneration
a: Heal Wounds, Minor Destruction, Lesser Servant of Makhleb, Major Destruction,
Greater Servant of Makhleb, Renounce Religion, Evoke Berserk Rage


You were on level 2 of the Orcish Mines.
You worshipped Makhleb.
Makhleb was exalted by your worship.
You were not hungry.

You visited 4 branches of the dungeon, and saw 22 of its levels.
You also visited: Ossuary and Bailey.

You collected 1216 gold pieces.
You spent 132 gold pieces at shops.

Inventory:

Hand Weapons
 j - a +1 hand axe of flaming
 Q - a +0 war axe of chopping
 R - a +3 war axe (weapon)
Armour
 c - a +0 shield (worn)
 s - a +0 helmet (worn)
 x - a +0 ring mail of cold resistance
 B - a +0 pair of boots (worn)
 D - a +1 crystal plate armour (worn)
 H - a +0 cloak (worn)
Jewellery
 k - the ring of Obsession (right hand) {rF+ rC+ MR+ Dex-2}
   (You found it on level 4 of the Dungeon)

   [ring of protection from cold]

   It affects your dexterity (-2).
   It protects you from fire.
   It protects you from cold.
   It affects your resistance to hostile enchantments.
 q - an uncursed ring of magical power
 u - a ring of protection from magic (left hand)
 v - an uncursed ring of protection from magic
 w - an amulet of rage (around neck)
 y - an uncursed ring of protection from cold
 G - an uncursed ring of fire
 S - the ring "Ciuwos" {Ice rElec rPois Stlth+}
   (You found it on level 5 of the Lair of Beasts)

   [ring of ice]

   It enhances your ice magic.
   It makes you vulnerable to fire.
   It protects you from cold.
   It insulates you from electricity.
   It protects you from poison.
   It makes you more stealthy.
Wands
 a - a wand of paralysis (23)
 p - a wand of clouds (5)
 r - a wand of scattershot (4)
 M - a wand of flame (18)
 N - a wand of acid (30)
 O - a wand of iceblast (8)
 P - a wand of random effects (29)
 U - a wand of polymorph (9)
Scrolls
 g - 5 scrolls of enchant weapon
 l - 11 scrolls of teleportation
 m - 5 scrolls of amnesia
 n - 3 scrolls of fog
 o - 10 scrolls of remove curse
 E - a scroll of identify
 F - a scroll of fear
 L - 4 scrolls of magic mapping
 T - a scroll of blinking
Potions
 b - a potion of resistance
 d - 10 potions of might
 e - 5 potions of curing
 h - 4 potions of mutation
 i - 4 potions of flight
 t - 4 potions of agility
 z - 4 potions of magic
 A - 6 potions of lignification
 C - 2 potions of invisibility
 I - a potion of cancellation
 K - a potion of haste
Comestibles
 f - 27 rations
 J - 7 chunks of flesh


   Skills:
 + Level 9.8 Fighting
 * Level 17.9 Axes
 + Level 11.5 Armour
 + Level 11.6 Shields
 + Level 13.0 Invocations


You had 13 spell levels left.
You didn't know any spells.
Your spell library contained the following spells:

 Spells                   Type           Power        Failure   Level  Hunger
 Animate Skeleton         Necr           N/A          100%        1    ##.....
 Apportation              Tloc           #.....       100%        1    ##.....
 Beastly Appendage        Tmut           #.....       100%        1    ##.....
 Confusing Touch          Hex            #.....       100%        1    ##.....
 Flame Tongue             Conj/Fire      #....        100%        1    ##.....
 Freeze                   Ice            #...         100%        1    ##.....
 Magic Dart               Conj           #...         100%        1    ##.....
 Summon Small Mammal      Summ           #...         100%        1    ##.....
 Searing Ray              Conj           #.....       100%        2    ###....
 Sticks to Snakes         Tmut           #.......     100%        2    ###....
 Throw Flame              Conj/Fire      #.....       100%        2    ###....
 Throw Frost              Conj/Ice       #.....       100%        2    ###....
 Conjure Flame            Conj/Fire      #.......     100%        3    ####...
 Dazzling Spray           Conj/Hex       #.....       100%        3    ####...
 Inner Flame              Hex/Fire       #.......     100%        3    ####...
 Ozocubu's Armour         Chrm/Ice       #.......     100%        3    ####...
 Spider Form              Tmut/Pois      #.........   100%        3    ####...
 Force Lance              Conj/Tloc      #.......     100%        4    #####..
 Fulminant Prism          Conj/Hex       #.........   100%        4    #####..
 Ice Form                 Ice/Tmut       #.......     100%        4    #####..
 Iskenderun's Mystic Bla  Conj           #.......     100%        4    #####..
 Sticky Flame             Conj/Fire      #.......     100%        4    #####..
 Summon Ice Beast         Ice/Summ       #.......     100%        4    #####..
 Throw Icicle             Conj/Ice       #.......     100%        4    #####..
 Blade Hands              Tmut           #.........   100%        5    ######.
 Fireball                 Conj/Fire      #.........   100%        5    ######.


Dungeon Overview and Level Annotations

Branches:
Dungeon (13/15)            Temple (1/1) D:5            Lair (6/6) D:10
  Swamp (0/4) Lair:4        Slime (0/5) Lair:6          Orc (2/2) D:12
  Snake: Lair:2-4    Spider: Lair:2-4       Elf: Orc:2       Vaults: D:13-14

Altars:
Ashenzari
Cheibriados
Elyvilon
Fedhas
Makhleb
Okawaru
Qazlal
Trog
Yredelemnul
Beogh

Shops:
D:5 *!}   D:8 [(   D:9 (   Orc:2 ?

Annotations:
D:4 1 runed door
D:8 Maurice
D:10 exclusion: oklob plant
D:11 exclusion: ice statue
D:13 Frances
Lair:4 2 runed doors, Ryaria's ghost, journeyman HaHu
Lair:6 2 runed doors
Orc:2 Saint Roka


Innate Abilities, Weirdness & Mutations

You are resistant to damage.
You can heal yourself by infusing magical energy.
You resist negative energy. (rN+)
You passively map the area around you.
You do not regenerate.


Message History

You slash Saint Roka!
Saint Roka is heavily wounded.
You feel sick.
The orc no longer looks unusually strong.
The orc warrior no longer looks unusually strong.
Saint Roka mumbles some strange prayers to Beogh against you.
Beogh smites you!
* * * LOW HITPOINT WARNING * * *
You barely miss Saint Roka.
Saint Roka is heavily wounded.
You slash the orc!
You kill the orc!
Makhleb accepts your kill.
You feel better.
* * * LOW HITPOINT WARNING * * *
You feel sick.
The orc warrior hits you but does no damage.
You slice Saint Roka!!
Saint Roka is severely wounded.
You die...

, , ,,
.....#.....,... ,
,
,..........##....
, ,
.............$.#.,
.................
,, ,
.................
*
.................
, * ,,
#............... *
,,
.#.....#.....$..
,*
.......)@).......
*
,.......)o).......
* ,,,
.......ooo.......,
,
.......o.........
*,
........<.#......
* *,
...#.............
,*
.$.#..$oo.....##.,
............# ,
*.∩.#..o.....# ,,
*


You could see Saint Roka, 2 orc warriors, an orc priest, an orc wizard and 2
orcs.

Vanquished Creatures
  Erolcha (D:11)
  10 hydras
  Erica (D:10)
  4 two-headed ogres
  2 catoblepae
  A death knight (D:12)
  Urug (D:10)
  9 death yaks (Lair:6)
  3 skeletal warriors
  2 unseen horrors
  Pikel (D:8)
  A deep elf mage (D:12)
  An orc sorcerer (Orc:1)
  2 manticores (D:11)
  18 elephants
  4 torpor snails (Lair:1)
  5 black mambas
  2 molten gargoyles (Lair:6)
  5 spiny frogs
  2 gargoyles
  10 komodo dragons
  7 rime drakes
  2 freezing wraiths (D:12)
  3 trolls
  A wind drake (shapeshifter) (D:11)
  A polar bear (Lair:6)
  2 hornets
  9 blink frogs
  7 dream sheep (Lair:6)
  14 hippogriffs
  A spriggan (D:8)
  38 yaks
  A vampire (D:7)
  6 wyverns
  7 basilisks
  3 steam dragons
  An acid dragon (D:11)
  A warg (Orc:2)
  7 water moccasins
  3 hell hounds (Lair:6)
  A slave (D:8)
  8 porcupines
  A swamp drake (D:12)
  16 orc warriors
  2 sky beasts (D:11)
  3 ice beasts
  An eye of draining (D:7)
  5 phantoms
  3 centaurs
  5 ogres
  4 wolves (Lair:6)
  10 crocodiles
  3 big kobolds
  12 bullfrogs
  6 scorpions
  A water moccasin zombie (Ossuary)
  11 killer bees
  5 wights (D:11)
  3 electric eels
  6 howler monkeys
  10 crimson imps
  4 lava snakes (Lair:6)
  3 bullfrog zombies
  A quasit (D:9)
  A centaur zombie (D:6)
  6 jellies
  A centaur skeleton (D:6)
  4 hounds
  11 orc priests
  4 bullfrog skeletons
  An iguana (D:11)
  26 orc wizards
  10 worker ants
  A hound skeleton (D:9)
  2 mummies (Ossuary)
  2 worker ant zombies
  14 gnolls
  19 adders
  A shadow imp (D:7)
  5 oozes
  4 adder zombies (Ossuary)
  2 worms
  2 dart slugs
  7 leopard geckos
  69 orcs
  11 bats
  4 giant cockroaches
  5 goblins
  12 hobgoblins
  13 jackals
  28 kobolds
  5 quokkas
  2 ball pythons
  7 frilled lizards
  3 hobgoblin zombies (Ossuary)
  3 kobold zombies (Ossuary)
  2 leopard gecko skeletons
  A leopard gecko zombie (D:6)
  4 orc zombies (Ossuary)
  7 rats
  4 fungi
626 creatures vanquished.

Vanquished Creatures (collateral kills)
  A lindwurm (Lair:6)
  An orc knight (Orc:2)
  A black mamba (Lair:6)
  2 komodo dragons
  A rime drake (Lair:4)
  2 wyverns (Lair:6)
  A steam dragon (Lair:6)
  A basilisk (Lair:6)
  2 hell hounds (Lair:6)
  A lava snake (Lair:6)
13 creatures vanquished.

Vanquished Creatures (others)
  A lindwurm (Lair:6)
  A slave (D:8)
  7 fungi
  9 plants
18 creatures vanquished.

Grand Total: 657 creatures vanquished

Notes
Turn   | Place    | Note
-------+----------+-------------------------------------------
     0 | D:1      | Honti the Deep Dwarf Fighter began the quest for the Orb.
     0 | D:1      | Reached XP level 1. HP: 20/20 MP: 1/1
    94 | D:1      | Reached skill level 3 in Axes
    94 | D:1      | Reached XP level 2. HP: 24/27 MP: 2/2
   474 | D:1      | Reached XP level 3. HP: 33/33 MP: 3/3
   499 | D:1      | Reached skill level 4 in Axes
  1257 | D:2      | Reached XP level 4. HP: 38/40 MP: 3/3
  1344 | D:3      | Reached skill level 5 in Axes
  1356 | D:3      | Reached XP level 5. HP: 29/46 MP: 4/4
  1449 | D:3      | Reached skill level 6 in Axes
  1512 | D:3      | Found a shattered altar of Ashenzari.
  1800 | D:3      | Found a stormy altar of Qazlal.
  2042 | D:4      | Reached skill level 7 in Axes
  2042 | D:4      | Reached XP level 6. HP: 52/55 MP: 4/4
  2093 | D:4      | Got a scintillating tin ring
  2167 | D:4      | Identified the ring of Obsession {rF+ rC+ MR+ Dex-2} (You
                  | found it on level 4 of the Dungeon)
  2291 | D:4      | Reached skill level 8 in Axes
  2317 | D:4      | Found a white marble altar of Elyvilon.
  2317 | D:4      | Noticed an angel
  2318 | D:4      | Found a runed door.
  2472 | D:5      | Entered Level 5 of the Dungeon
  2498 | D:5      | Found Ukkaat's General Store.
  2501 | D:5      | Bought a +0 helmet for 67 gold pieces
  2546 | D:5      | Reached XP level 7. HP: 52/61 MP: 4/4
  2638 | D:5      | Found a basalt altar of Yredelemnul.
  2648 | D:5      | Reached skill level 9 in Axes
  2684 | D:5      | Found a staircase to the Ecumenical Temple.
  2703 | Temple   | Entered the Ecumenical Temple
  2719 | Temple   | Became a worshipper of Makhleb the Destroyer
  2739 | D:5      | Found Citogul's Distillery.
  2742 | D:5      | Bought a potion of heal wounds for 65 gold pieces
  2956 | D:5      | Reached skill level 10 in Axes
  2985 | D:5      | Found Doydyc's Gadget Boutique.
  3235 | D:5      | Found a white marble altar of Elyvilon.
  3645 | D:6      | Reached XP level 8. HP: 68/68 MP: 3/3
  3968 | D:6      | Reached * piety under Makhleb
  3968 | D:6      | Reached skill level 11 in Axes
  4155 | D:6      | Reached skill level 1 in Invocations
  4231 | D:6      | You fall through a shaft for 2 floors!
  4240 | D:8      | Noticed a two-headed ogre
  4279 | D:8      | Killed a two-headed ogre
  4279 | D:8      | Gained mutation: You passively map the area around you.
                  | [Deep Dwarf growth]
  4279 | D:8      | Reached XP level 9. HP: 78/78 MP: 3/5
  4290 | D:8      | Noticed Maurice
  4293 | D:8      | Noticed a two-headed ogre
  4600 | D:8      | Killed a two-headed ogre
  4600 | D:8      | Reached skill level 12 in Axes
  4600 | D:8      | Reached skill level 5 in Armour
  4600 | D:8      | Reached skill level 5 in Shields
  4726 | D:7      | Reached ** piety under Makhleb
  4809 | D:7      | Reached skill level 5 in Invocations
  4840 | D:7      | Reached XP level 10. HP: 53/87 MP: 3/5
  5136 | D:7      | Found a sand-covered staircase.
  5153 | Ossuary  | Entered an ossuary
  5319 | D:7      | Found a flagged portal.
  5328 | Bailey   | Entered a bailey
  5341 | Bailey   | Reached *** piety under Makhleb
  5716 | D:7      | Reached skill level 5 in Fighting
  5719 | D:7      | Found an iron altar of Okawaru.
  5832 | D:6      | Reached **** piety under Makhleb
  6014 | D:8      | Found Diwny's Antique Weapon Shop.
  6065 | D:8      | Noticed Pikel
  6096 | D:8      | Killed Pikel
  6096 | D:8      | Reached skill level 13 in Axes
  6126 | D:8      | Noticed a five-headed hydra
  6139 | D:8      | Killed a one-headed hydra
  6199 | D:8      | Found a snail-covered altar of Cheibriados.
  6535 | D:8      | Found Lysuqu Neita's Antique Armour Shop.
  6870 | D:9      | Found Gello's Weapon Emporium.
  7011 | D:9      | Reached XP level 11. HP: 77/97 MP: 8/8
  7194 | D:9      | You fall through a shaft for 3 floors!
  7194 | D:12     | Noticed a death knight
  7194 | D:12     | Noticed a skeletal warrior
  7194 | D:12     | Noticed a skeletal warrior
  7208 | D:12     | Killed a death knight
  7215 | D:12     | Killed a skeletal warrior
  7301 | D:12     | Killed a skeletal warrior
  7301 | D:12     | Reached skill level 14 in Axes
  7466 | D:11     | Paralysed by a hornet for 3 turns
  7475 | D:11     | Paralysed by a hornet for 3 turns
  7618 | D:10     | Entered Level 10 of the Dungeon
  7690 | D:9      | Found a bloodstained altar of Trog.
  7736 | D:9      | Reached ***** piety under Makhleb
  7959 | D:9      | Found a bloodstained altar of Trog.
  8553 | D:10     | Found a staircase to the Lair.
  8565 | D:10     | Noticed Urug
  8584 | D:10     | Killed Urug
  8665 | D:10     | Noticed Erica
  8680 | D:10     | Killed Erica
  8697 | D:10     | Found a blossoming altar of Fedhas.
  8708 | D:10     | Noticed an oklob plant
  9226 | D:11     | Noticed a two-headed ogre
  9233 | D:11     | Killed a two-headed ogre
  9233 | D:11     | Reached XP level 12. HP: 106/106 MP: 5/5
  9494 | D:11     | Reached skill level 15 in Axes
  9561 | D:11     | Noticed Erolcha
  9579 | D:11     | Killed Erolcha
  9956 | D:11     | Reached ****** piety under Makhleb
 10530 | D:12     | Noticed a two-headed ogre
 10542 | D:12     | Killed a two-headed ogre
 10572 | D:12     | Reached skill level 10 in Invocations
 10643 | D:12     | Found a staircase to the Orcish Mines.
 11020 | D:13     | Noticed Frances
 11058 | D:11     | Identified a scroll of acquirement
 11150 | Lair:1   | Entered Level 1 of the Lair of Beasts
 11171 | Lair:1   | Noticed an eight-headed hydra
 11186 | Lair:1   | Killed a two-headed hydra
 11301 | Lair:1   | Found a snail-covered altar of Cheibriados.
 12111 | Lair:2   | Noticed a five-headed hydra
 12119 | Lair:2   | Killed a one-headed hydra
 12196 | Lair:2   | Reached XP level 13. HP: 91/117 MP: 1/1
 12456 | Lair:2   | Reached skill level 16 in Axes
 13794 | Lair:3   | Reached skill level 10 in Armour
 13794 | Lair:3   | Reached skill level 10 in Shields
 14443 | Lair:4   | Found a large runed door.
 14443 | Lair:4   | Found a large runed door.
 14445 | Lair:4   | Noticed Ryaria's ghost (journeyman HaHu)
 14536 | Lair:4   | Found a staircase to the Swamp.
 15568 | Lair:5   | Got a clouded lapis lazuli ring
 15573 | Lair:5   | Identified the ring "Ciuwos" {Ice rElec rPois Stlth+} (You
                  | found it on level 5 of the Lair of Beasts)
 15904 | Lair:6   | Entered Level 6 of the Lair of Beasts
 15949 | Lair:6   | Reached skill level 17 in Axes
 15949 | Lair:6   | Gained mutation: You resist negative energy. (rN+) [Deep
                  | Dwarf growth]
 15949 | Lair:6   | Reached XP level 14. HP: 129/129 MP: 1/1
 16224 | Lair:6   | Found a staircase to the Slime Pits.
 17536 | Lair:6   | Noticed a cacodemon
 17660 | Lair:6   | Found a large runed door.
 17660 | Lair:6   | Found a large runed door.
 18449 | Orc:1    | Entered Level 1 of the Orcish Mines
 18449 | Orc:1    | Found a roughly hewn altar of Beogh.
 18823 | Orc:2    | Entered Level 2 of the Orcish Mines
 18844 | Orc:2    | Found Angear's Magic Scroll Boutique.
 18848 | Orc:2    | Noticed Saint Roka
 18877 | Orc:2    | HP: 1/195 [Saint Roka/divine providence (13)]
 18879 | Orc:2    | Succumbed to Saint Roka's poison

Skill      XL: |  1  2  3  4  5  6  7  8  9 10 11 12 13 14 |
---------------+-------------------------------------------+-----
Axes           | 3 4 5 7 8 10 11 12 13 14 15 17 | 17.9
Invocations    | 3 5 7 9 10 11 13 | 13.0
Fighting       | 3 4 5 6 8 9 |  9.8
Armour         | 4 5 6 8 9 10 11 | 11.5
Shields        | 4 5 7 8 9 10 11 | 11.6

Action                   |  1- 3 |  4- 6 |  7- 9 | 10-12 | 13-15 || total
-------------------------+-------+-------+-------+-------+-------++-------
Melee: War axe           |   135 |    22 |       |       |   121 ||   278
       Hand axe          |       |   148 |   370 |  1455 |  1248 ||  3221
Invok: Major Destruction |       |       |       |     1 |       ||     1
       Lesser Servant of |       |       |       |     1 |     3 ||     4
       Greater Servant o |       |       |       |       |     2 ||     2
 Abil: Heal Wounds       |     3 |     3 |    12 |    48 |     9 ||    75
       Evoke Berserk Rag |       |       |     3 |     7 |     5 ||    15
Evoke: Wand              |       |       |       |       |     1 ||     1
  Use: Scroll            |       |    11 |     7 |     7 |     4 ||    29
       Potion            |       |       |       |     3 |    14 ||    17
 Stab: Confused          |       |       |       |     1 |       ||     1
  Eat: Chunk             |     1 |     5 |     5 |    16 |    19 ||    46
       Ration            |       |       |     2 |     4 |     3 ||     9
Armor: Scale mail        |    76 |    19 |       |       |       ||    95
       Plate armour      |       |    70 |   156 |   712 |       ||   938
       Crystal plate arm |       |       |       |    86 |   754 ||   840
Dodge: Dodged            |    58 |    31 |    42 |   191 |   137 ||   459
Block: Shield            |    84 |    83 |   152 |   760 |   651 ||  1730
